[Event "November 21 Late 2023"]
[Site "https://www.chess.com"]
[Date "2023.11.21"]
[Round "11"]
[White "kinghunter183"]
[Black "Akhayan, Ruben"]
[Result "0-1"]
[Board "90"]
[TimeControl "180+1"]
[BlackFideId "204439"]
[WhiteElo "2169"]
[BlackElo "2141"]
[BlackTeam "BEL"]
[WhiteClock "0:00:11"]
[BlackClock "0:00:42"]

1. c4 e5 2. b3 Nf6 3. Bb2 Nc6 4. Nf3 e4 5. Nd4 Bc5 6. e3 O-O 7. d3 d5 8. cxd5 Nxd4 9. exd4 Bb4+ 10. Bc3 Nxd5 11. Bxb4 Nxb4 12. dxe4 Qxd4 13. Qxd4 Nc2+ 14. Kd2 Nxd4 15. Nc3 Be6 16. Rd1 Rad8 17. Kc1 c5 18. Bd3 b6 19. f3 g6 20. Nb5 Nxb5 21. Bxb5 Kg7 22. Kb2 Kf6 23. Kc3 Ke5 24. g3 g5 25. Rhe1 h5 26. Bc4 Bxc4 27. Kxc4 a6 28. b4 cxb4 29. Kxb4 Rd6 30. Rxd6 Kxd6 31. Rd1+ Ke6 32. Rc1 Kd7 33. Rd1+ Kc7 34. Rd5 f6 35. f4 gxf4 36. gxf4 Rg8 37. Rxh5 Rg4 38. Rf5 Rg6 39. e5 fxe5 40. Rxe5 Rg4 41. Re7+ Kd6 42. Rf7 Rh4 43. Rf6+ Kc7 44. Rf7+ Kc6 45. Rf6+ Kc7 46. a4 Rxh2 47. a5 bxa5+ 48. Kxa5 Ra2+ 49. Kb4 Kd7 50. Kb3 Ra1 51. Kb2 Ra5 52. Kb3 Ke7 53. Rb6 Ra1 54. f5 Rb1+ 55. Kc4 Rxb6 56. Kc5 Rf6 57. Kd5 a5 58. Ke4 a4 59. Ke5 a3 60. Ke4 a2 61. Kf4 a1=Q 62. Kg5 Qe5 63. Kg4 Qxf5+ 64. Kh4 Qf4+ 65. Kh3 Qf3+ 66. Kh4 Rf4+ 67. Kg5 Qg3+ 68. Kh5 Rh4# 0-1

[Event "November 21 Late 2023"]
[Site "https://www.chess.com"]
[Date "2023.11.21"]
[Round "11"]
[White "Thake, Conrad"]
[Black "Shapiro, Daniel"]
[Result "1-0"]
[Board "91"]
[TimeControl "180+1"]
[WhiteFideId "5602947"]
[BlackFideId "2001780"]
[WhiteElo "1685"]
[BlackElo "2314"]
[WhiteTeam "MLT"]
[BlackTeam "USA"]
[WhiteClock "0:00:57"]
[BlackClock "0:00:00"]

1. e4 c5 2. Nf3 Nc6 3. Bb5 d6 4. c3 Bd7 5. O-O e6 6. d4 a6 7. Ba4 g6 8. Re1 b5 9. Bc2 Bg7 10. Bg5 f6 11. Be3 Qe7 12. Nbd2 Nh6 13. h3 O-O 14. Nf1 Nf7 15. d5 Nce5 16. Nxe5 fxe5 17. dxe6 Bxe6 18. Qd2 Nd8 19. a4 Rb8 20. Red1 Qh4 21. Qxd6 Bxh3 22. gxh3 Nf7 23. Qe6 Rbe8 24. Qg4 Qf6 25. Bxc5 Nh6 26. Qg3 Rf7 27. Rd6 Qf4 28. axb5 Ref8 29. Qxf4 Rxf4 30. bxa6 Nf7 31. Rd7 Ng5 32. Bxf8 Nxh3+ 33. Kg2 Bxf8 34. Kxh3 1-0

[Event "November 21 Late 2023"]
[Site "https://www.chess.com"]
[Date "2023.11.21"]
[Round "11"]
[White "Vargas, Mauricio"]
[Black "Golubenko, Valentina"]
[Result "1-0"]
[Board "92"]
[TimeControl "180+1"]
[WhiteFideId "4404572"]
[BlackFideId "4501993"]
[WhiteElo "1988"]
[BlackElo "2126"]
[WhiteTeam "COL"]
[BlackTeam "CRO"]
[WhiteClock "0:00:25"]
[BlackClock "0:00:02"]

1. e4 g6 2. Nc3 Bg7 3. f4 c5 4. Nf3 d6 5. Bb5+ Bd7 6. Bxd7+ Nxd7 7. O-O Ngf6 8. d3 O-O 9. Qe1 e6 10. Qh4 d5 11. g4 Ne8 12. Qh3 d4 13. Ne2 f5 14. Ng5 h6 15. Nxe6 Qe7 16. Nxf8 Nxf8 17. gxf5 gxf5 18. Qxf5 Kh8 19. Kh1 Ne6 20. Rg1 Nd6 21. Qg4 c4 22. f5 Nc5 23. Nf4 Kh7 24. Qg6+ Kh8 25. Nh5 Ndxe4 26. Nxg7 Nf2+ 27. Kg2 Qxg7 28. Kxf2 Qxg6 29. Rxg6 cxd3 30. Bf4 dxc2 31. Be5+ Kh7 32. Rg7+ Kh8 33. Rc7+ Kg8 34. Rg1+ Kf8 35. Bg7+ Ke8 36. Bxd4 Nd3+ 37. Ke3 c1=Q+ 38. Rgxc1 Nxc1 39. Rxc1 Kd7 40. f6 Re8+ 41. Kd3 Kd6 42. f7 Rf8 43. Rf1 Ke6 44. Bc5 Rxf7 45. Rxf7 Kxf7 46. Be3 b6 47. Ke4 h5 48. Kf5 Ke7 49. Kg5 Kf7 50. Kxh5 Ke6 51. Kg4 Kf6 52. Bf4 Kg6 53. h4 Kf6 54. h5 Kg7 55. h6+ Kh7 56. Kg5 Kh8 57. Kg6 Kg8 58. Be5 b5 59. Bf6 b4 60. h7+ Kf8 61. h8=Q# 1-0

[Event "November 21 Late 2023"]
[Site "https://www.chess.com"]
[Date "2023.11.21"]
[Round "11"]
[White "Vila Dupla, Aurelio"]
[Black "zano2023"]
[Result "0-1"]
[Board "93"]
[TimeControl "180+1"]
[WhiteFideId "2203383"]
[WhiteElo "2009"]
[BlackElo "2197"]
[WhiteTeam "ESP"]
[WhiteClock "0:00:17"]
[BlackClock "0:02:14"]

1. Nf3 d6 2. d4 e5 3. dxe5 Bg4 4. Nc3 Nc6 5. exd6 Bxd6 6. Bg5 Nf6 7. h3 Bh5 8. e3 Qe7 9. Nd5 Qe6 10. Nf4 Bxf4 11. Bxf4 Nd5 12. Qe2 O-O-O 13. a3 Nxf4 14. exf4 Qf6 15. Qb5 Rhe8+ 16. Be2 Bxf3 17. gxf3 Nd4 0-1

[Event "November 21 Late 2023"]
[Site "https://www.chess.com"]
[Date "2023.11.21"]
[Round "11"]
[White "Oliveira, Tiago Batista"]
[Black "Broca Jimenez, Fernando"]
[Result "1-0"]
[Board "94"]
[TimeControl "180+1"]
[WhiteFideId "2108291"]
[BlackFideId "5104742"]
[WhiteElo "1962"]
[BlackElo "2062"]
[WhiteTeam "BRA"]
[BlackTeam "MEX"]
[WhiteClock "0:00:03"]
[BlackClock "0:00:00"]

1. d4 Nf6 2. c4 e6 3. Nf3 b6 4. g3 Bb7 5. Bg2 Be7 6. O-O O-O 7. Nbd2 d5 8. Qc2 Nbd7 9. Rd1 Rc8 10. b3 c5 11. dxc5 Nxc5 12. Bb2 Qc7 13. Be5 Bd6 14. Qb2 Bxe5 15. Nxe5 dxc4 16. Bxb7 Qxb7 17. Ndxc4 Rcd8 18. Nd6 Qc7 19. Nb5 Rxd1+ 20. Rxd1 Qb7 21. Nd6 Qc7 22. b4 Na4 23. Qb3 b5 24. f4 Nd5 25. Nxb5 Qb6+ 26. Nd4 Qa6 27. e3 Nab6 28. Qd3 Qxa2 29. e4 Nxb4 30. Qb5 Qb2 31. Ndc6 Nc2 32. Qxb2 Ne3 33. Rc1 Na4 34. Qa3 Nb6 35. Qxe3 h6 36. Nd3 f5 37. e5 Nd5 38. Qc5 Kf7 39. Qd6 Re8 40. Qd7+ Kf8 41. Nd8 1-0

[Event "November 21 Late 2023"]
[Site "https://www.chess.com"]
[Date "2023.11.21"]
[Round "11"]
[White "Lutz, Igor Oscar"]
[Black "Souza, Gustavo Horokoski De"]
[Result "0-1"]
[Board "95"]
[TimeControl "180+1"]
[WhiteFideId "2110806"]
[BlackFideId "2146584"]
[WhiteElo "1768"]
[BlackElo "1824"]
[WhiteTeam "BRA"]
[BlackTeam "BRA"]
[WhiteClock "0:00:01"]
[BlackClock "0:00:08"]

1. d4 Nf6 2. c4 c5 3. d5 e6 4. Nc3 exd5 5. cxd5 d6 6. Nf3 g6 7. g3 Bg7 8. Bg2 O-O 9. O-O a6 10. a4 b6 11. Nd2 Bb7 12. Nc4 Re8 13. Bf4 Bf8 14. e4 Qc7 15. Qb3 Nbd7 16. Rfe1 Nh5 17. Bg5 h6 18. Be3 Bg7 19. Qc2 Ne5 20. Nxe5 Rxe5 21. f4 Ree8 22. Bf2 Nf6 23. Re2 Ng4 24. h3 Nxf2 25. Kxf2 Bd4+ 26. Kf1 Qd7 27. Rae1 b5 28. e5 dxe5 29. fxe5 b4 30. e6 fxe6 31. dxe6 Qg7 32. Ne4 Rf8+ 33. Nf2 Bxg2+ 34. Kxg2 Rae8 35. Qc4 Qb7+ 36. Kg1 Kh7 37. Rf1 Qf3 38. e7 Qxg3+ 39. Kh1 Qf3+ 40. Kg1 Rf5 41. Kh2 Qf4+ 42. Kh1 Qf3+ 43. Kh2 Be5+ 44. Rxe5 Rxe5 45. Qg4 Qxg4 46. hxg4 R5xe7 47. Ne4 Kg7 48. Kg3 Rxe4 49. Rf3 Re3 50. Rxe3 Rxe3+ 51. Kf4 Rb3 0-1

[Event "November 21 Late 2023"]
[Site "https://www.chess.com"]
[Date "2023.11.21"]
[Round "11"]
[White "Kniazev, Igor"]
[Black "katharinareinecke"]
[Result "1-0"]
[Board "96"]
[TimeControl "180+1"]
[WhiteFideId "4136349"]
[WhiteElo "1862"]
[BlackElo "1988"]
[WhiteTeam "RUS"]
[WhiteClock "0:00:16"]
[BlackClock "0:00:00"]

1. e4 c6 2. d4 d5 3. Nc3 b5 4. exd5 b4 5. Ne4 cxd5 6. Ng5 Nf6 7. N1f3 e6 8. Ne5 Ne4 9. Bb5+ Bd7 10. Ngxf7 Qf6 11. Qe2 Rg8 12. O-O a6 13. Bd3 Nc6 14. Nxc6 Bxc6 15. Ne5 Bb7 16. f3 Nd6 17. Ng4 Qh4 18. Qxe6+ Be7 19. Qxg8+ Kd7 20. Ne5+ Kc7 21. Qxg7 Qxd4+ 22. Kh1 Nf5 23. Qxh7 Qxe5 24. Bxf5 Kb6 25. Bd2 Rh8 26. Rfe1 Qd6 27. Be3+ Ka5 28. Bb6+ Kxb6 29. Qxh8 Bf6 30. Qh3 Bxb2 31. Re6 1-0

[Event "November 21 Late 2023"]
[Site "https://www.chess.com"]
[Date "2023.11.21"]
[Round "11"]
[White "Ivanov, Aleksandr"]
[Black "Smirnov, Timofey"]
[Result "0-1"]
[Board "97"]
[TimeControl "180+1"]
[WhiteFideId "2092980"]
[BlackFideId "24176427"]
[WhiteElo "2023"]
[BlackElo "2245"]
[WhiteTeam "USA"]
[BlackTeam "RUS"]
[WhiteClock "0:00:00"]
[BlackClock "0:00:17"]

1. d4 d5 2. c4 c6 3. cxd5 cxd5 4. Bf4 Nf6 5. e3 Nc6 6. Nc3 a6 7. Bd3 Bg4 8. Qb3 Na5 9. Qc2 e6 10. Nf3 Bxf3 11. gxf3 Bd6 12. Bxd6 Qxd6 13. f4 b5 14. Qe2 Rc8 15. O-O h5 16. Kh1 Ng4 17. Rg1 g6 18. Rg2 b4 19. Na4 Nc4 20. Nc5 a5 21. Rag1 Qe7 22. h3 Nf6 23. Bxc4 dxc4 24. Qxc4 Nd7 25. Qb5 Kd8 26. Nb7+ Ke8 27. Nxa5 Qh4 28. Rg3 Qe7 29. Nc6 Qd6 30. Ne5 Ke7 31. Qb7 Rc7 0-1

[Event "November 21 Late 2023"]
[Site "https://www.chess.com"]
[Date "2023.11.21"]
[Round "11"]
[White "AndresDelgado77"]
[Black "Manfroi, Alexander Giannini"]
[Result "1-0"]
[Board "98"]
[TimeControl "180+1"]
[BlackFideId "22739335"]
[WhiteElo "2275"]
[BlackElo "1618"]
[BlackTeam "BRA"]
[WhiteClock "0:00:12"]
[BlackClock "0:00:56"]

1. e4 e5 2. Nc3 Nc6 3. f4 Bc5 4. fxe5 Bxg1 5. Rxg1 Qh4+ 6. g3 Qxh2 7. Rg2 Qh1 8. Nd5 Kd8 9. d4 Nge7 10. Bg5 d6 11. exd6 cxd6 12. Nxe7 Nxe7 13. Bxe7+ Kxe7 14. Qe2 Bh3 15. Rf2 Bxf1 16. Rxf1 Qh6 17. Qf3 Qe6 18. e5 dxe5 19. Qxb7+ Qd7 20. Rxf7+ Kxf7 21. Qxd7+ Kg6 22. Qe6+ Kg5 23. Qxe5+ Kh6 24. O-O-O g6 25. Qf6 Kh5 26. Qh4# 1-0